 Dungeon Crawl Stone Soup version 0.29-a0-323-g050149af67 (webtiles) character file.

Game seed: 13041915962868925685

158918 rageheart7 the Tortoise (level 17, -35/145 HPs)
             Began as a Minotaur Fighter on Apr 10, 2022.
             Was the Champion of Makhleb.
             Killed from afar by Nikola (75 damage)
             ... with an arc of chain lightning
             ... on level 4 of the Spider Nest.
             The game lasted 01:18:33 (28075 turns).

rageheart7 the Tortoise (Minotaur Fighter)         Turns: 28075, Time: 01:18:34

Health: -35/145    AC: 36    Str: 29    XL:     17   Next: 15%
Magic:  27/27      EV: 19    Int:  5    God:    Makhleb [******]
Gold:   3660       SH: 17    Dex: 13    Spells: 16/16 levels left

rFire   + . .      SeeInvis .   M - +10 lance "Wyrmbane" {slay drac, rPois rF+ rC+ AC+3}
rCold   + + +      Faith    .   e - +0 kite shield
rNeg    . . .      Spirit   .   j - +0 plate armour
rPois   +          Reflect  +   A - +2 hat {Stlth+}
rElec   .          Harm     .   E - +2 cloak {rCorr}
rCorr   +          Rampage  .   g - +2 pair of gloves "Ceibeugra" {rC+}
Will    +....                   f - +2 pair of boots {Fly}
Stlth   ..........              O - amulet of reflection
HPRegen 0.00/turn               q - ring of Ciecsur {rC+ rCorr Str+3}
MPRegen 0.20/turn               p - ring of the Hare {EV+8}

@: flying, inhibited regen
A: horns 2, retaliatory headbutt, iridescent scales 1, frail 1, inhibited
regeneration
a: Renounce Religion, Minor Destruction, Lesser Servant of Makhleb, Major
Destruction, Greater Servant of Makhleb


You were on level 4 of the Spider Nest.
You worshipped Makhleb.
Makhleb was exalted by your worship.
You visited 4 branches of the dungeon, and saw 26 of its levels.
You visited the Abyss 1 time.
You also visited: Bailey.

You collected 4521 gold pieces.
You spent 861 gold pieces at shops.

Inventory:

Hand Weapons
 C - a +9 vampiric demon trident
 M - the +10 lance "Wyrmbane" (weapon) {slay drac, rPois rF+ rC+ AC+3}
   (You took it off Maggie on level 1 of the Lair of Beasts)

   It inflicts extra damage against dragons and draconians.
   AC:        It affects your AC (+3).
   rF:        It protects you from fire.
   rC:        It protects you from cold.
   rPois:     It protects you from poison.
Armour
 e - a +0 kite shield (worn)
 f - a +2 pair of boots of flying (worn)
 g - the +2 pair of gloves "Ceibeugra" (worn) {rC+}
   (You acquired it on level 6 of the Lair of Beasts)

   rC:        It protects you from cold.
 j - a +0 plate armour (worn)
 A - a +2 hat of stealth (worn)
 B - a scarf of resistance
 E - a +2 cloak of preservation (worn)
Jewellery
 o - a +4 ring of protection
 p - the ring of the Hare (right hand) {EV+8}
   (You found it on level 3 of the Dungeon)

   [ring of evasion]

   EV:        It affects your evasion (+8).
 q - the ring of Ciecsur (left hand) {rC+ rCorr Str+3}
   (You found it on level 3 of the Spider Nest)

   [ring of protection from cold]

   Str:       It affects your strength (+3).
   rC:        It protects you from cold.
   rCorr:     It protects you from acid and corrosion.
 F - a ring of wizardry
 O - an amulet of reflection (around neck)
 S - the amulet "Heonti Xora" {Spirit rPois}
   (You found it on level 2 of the Lair of Beasts)

   [amulet of guardian spirit]

   It causes incoming damage to be divided between your reserves of health and
   magic.
   rPois:     It protects you from poison.
Wands
 k - a wand of acid (10)
 s - a wand of digging (23)
 y - a wand of charming (2)
 G - a wand of iceblast (13)
Scrolls
 b - a scroll of enchant weapon
 c - 6 scrolls of magic mapping
 h - 2 scrolls of enchant armour
 n - 11 scrolls of teleportation
 t - 2 scrolls of silence
 x - 2 scrolls of fear
 D - 4 scrolls of blinking
 J - 2 scrolls of fog
 L - 3 scrolls of summoning
 T - 4 scrolls of immolation
 U - 2 scrolls of holy word
Potions
 a - 3 potions of brilliance
 d - 2 potions of resistance
 i - 5 potions of lignification
 l - 7 potions of curing
 m - 3 potions of heal wounds
 r - 6 potions of ambrosia
 u - 5 potions of attraction
 v - 2 potions of invisibility
 w - a potion of berserk rage
 z - 2 potions of magic
 I - 2 potions of might
 V - 2 potions of haste
Miscellaneous
 K - a piece from Xom's chessboard (15/15)
 X - a phantom mirror


   Skills:
 + Level 17.6 Fighting
 + Level 16.8 Polearms
 - Level 18.0 Armour
 - Level 10.0 Dodging
 - Level 12.0 Shields
 - Level 15.0 Invocations


You had 16 spell levels left.
You didn't know any spells.
Your spell library contained the following spells:

 Spells                   Type           Power      Damage    Failure   Level
 Animate Skeleton         Necr           0%         N/A       99%         1
 Apportation              Tloc           0%         N/A       99%         1
 Beastly Appendage        Tmut           0%         N/A       99%         1
 Freeze                   Ice            0%         1d3       99%         1
 Pain                     Necr           0%         1d4       99%         1
 Summon Small Mammal      Summ           0%         N/A       99%         1
 Blink                    Tloc           0%         N/A       100%        2
 Ensorcelled Hibernation  Hex/Ice        0%         N/A       100%        2
 Passwall                 Tmut/Erth      0%         N/A       100%        2
 Sublimation of Blood     Necr           0%         N/A       100%        2
 Wereblood                Tmut           0%         N/A       100%        2
 Confusing Touch          Hex            0%         N/A       100%        3
 Dazzling Flash           Conj/Hex       0%         N/A       100%        3
 Frozen Ramparts          Ice            0%         1d2       100%        3
 Ignite Poison            Fire/Tmut/Pois 0%         N/A       100%        3
 Lesser Beckoning         Tloc           0%         N/A       100%        3
 Mephitic Cloud           Conj/Pois/Air  0%         N/A       100%        3
 Ozocubu's Armour         Ice            0%         N/A       100%        3
 Spider Form              Tmut/Pois      0%         N/A       100%        3
 Swiftness                Air            0%         N/A       100%        3
 Vampiric Draining        Necr           0%         2d6       100%        3
 Hailstorm                Conj/Ice       0%         3d3       100%        4
 Ice Form                 Ice/Tmut       0%         N/A       100%        4
 Iskenderun's Mystic Bla  Conj/Tloc      0%         2d3       100%        4
 Petrify                  Tmut/Erth      0%         N/A       100%        4
 Summon Ice Beast         Ice/Summ       0%         N/A       100%        4
 Agony                    Necr           0%         N/A       100%        5
 Alistair's Intoxication  Tmut/Pois      0%         N/A       100%        5
 Blade Hands              Tmut           0%         N/A       100%        5
 Borgnjor's Vile Clutch   Necr/Erth      0%         N/A       100%        5
 Fireball                 Conj/Fire      0%         3d3       100%        5
 Freezing Cloud           Conj/Ice/Air   0%         6-21      100%        5
 Irradiate                Conj/Tmut      0%         3d13      100%        5
 Iskenderun's Battlesphe  Conj           0%         2d6       100%        5
 Manifold Assault         Tloc           0%         N/A       100%        5
 Metabolic Englaciation   Hex/Ice        0%         N/A       100%        5
 Silence                  Hex/Air        0%         N/A       100%        5
 Yara's Violent Unravell  Hex/Tmut       0%         3d3       100%        5
 Conjure Ball Lightning   Conj/Air       0%         3x3d6     100%        6
 Eringya's Noxious Bog    Tmut/Pois      0%         N/A       100%        6
 Simulacrum               Ice/Necr       0%         N/A       100%        6
 Starburst                Conj/Fire      0%         6d3       100%        6
 Dragon Form              Tmut           0%         N/A       100%        7
 Enfeeble                 Hex            0%         N/A       100%        7
 Orb of Destruction       Conj           0%         9d5       100%        7
 Discord                  Hex            0%         N/A       100%        8
 Disjunction              Tloc           0%         N/A       100%        8


Dungeon Overview and Level Annotations

Branches:
Dungeon (14/15)            Temple (0/1) D:7            Lair (6/6) D:10
 Shoals (0/4) Lair:3       Spider (4/4) Lair:2        Slime (0/5) Lair:6
    Orc (2/2) D:10            Elf (0/3) Orc:2        Vaults (0/5) D:13
 Bailey (visited)

Altars:
Makhleb
Nemelex Xobeh
Jiyva

Shops:
D:3 (   D:13 *   Orc:2 [=?[

Portals:
Hell: Lair:6

Annotations:
Lair:3 2 transporters, exclusions: ice statue and oklob plant, ooooo's ghost, journeyman OpCj
Spider:4 Nikola


Innate Abilities, Weirdness & Mutations

You have a pair of horns on your head.
You reflexively headbutt those who attack you in melee.
You are partially covered in iridescent scales. (AC +2)
You are frail. (-10% HP)
You do not regenerate when monsters are visible.


Message History

Nikola is moderately wounded.
Nikola casts a spell at you. The bolt of lightning misses you.
You barely miss Nikola. You headbutt Nikola!
Nikola is moderately wounded.
Nikola mumbles some strange words.
Lightning arcs from Nikola's hands!
The bolt of lightning hits you!!!
A bolt of lightning appears from out of thin air!
The bolt of lightning hits Nikola!
You hear a shout!
Aiming: Major Destruction (0% risk of failure)
Press: ? - help, Shift-Dir - straight line, f - Nikola
Aim: Nikola, wielding a +0 rapier of electrocution, wearing a +0 cloak and wearing a +0 pair of gloves (moderately wounded)
The bolt of acid hits Nikola!!
The acid corrodes Nikola!
Nikola is heavily wounded.
You block Nikola's attack.
You barely miss Nikola. You headbutt Nikola.
Nikola is heavily wounded.
You impale Nikola!! You headbutt Nikola.
Nikola is heavily wounded.
You block Nikola's attack.
You hit Nikola. You headbutt Nikola!
Nikola is heavily wounded.
Nikola points at you and mumbles some strange words.
The bolt of lightning misses you.
You puncture Nikola! You headbutt Nikola!
Nikola is severely wounded.
You barely miss Nikola.
Nikola is severely wounded.
Nikola points at you and mumbles some strange words.
The bolt of lightning hits you!!
* * * LOW HITPOINT WARNING * * *
You hit Nikola. Your headbutt misses Nikola.
Nikola is severely wounded.
You hit Nikola. You headbutt Nikola.
Nikola is almost dead.
Nikola casts a spell.
Lightning arcs from Nikola's hands!
The bolt of lightning hits you!!!!
Ouch! That really hurt!
You die...

### #^^###
##.....##
#^......#
#......#
##.@....#
##<@##...#
#...# ...
#.....# .
##....#
#....^#
##.....
#.....#
....^.#
..#.....


You could see Nikola (corroded).

Vanquished Creatures
  Jorgrun (Spider:2)
  Frances (D:12)
  Gastronok (D:9)
  3 tentacled starspawn (Abyss:3)
  4 emperor scorpions
  A juggernaut zombie (Abyss:3)
  The ghost of SirDiesAlot the Lord of Darkness, an adept DENe of Kikubaaqudgha (Spider:1)
  2 orc warlords (Orc:2)
  2 ghost moths (Spider:3)
  A broodmother (Spider:3)
  Azrael (Spider:2)
  A dire elephant (Lair:6)
  An entropy weaver (Spider:1)
  The ghost of spaghetti the Warrior, a journeyman DsBe of Trog (Lair:2)
  3 spark wasps
  Snorg (Orc:1)
  Josephine (Lair:4)
  The ghost of Cecur the Nimble, a journeyman DsGl of Qazlal (D:11)
  A vault guard (D:13)
  An ice dragon (D:14)
  16 hydras
  Fannar (Lair:3)
  4 radroaches
  A jorogumo (Spider:1)
  7 boulder beetles
  6 centaur warriors
  5 two-headed ogres
  A death scarab (Spider:1)
  6 death yaks
  The ghost of zishaf the Slicer, a journeyman VSBr of Uskayaw (D:11)
  4 orc high priests (Orc:2)
  A thrashing horror (Abyss:3)
  The ghost of SirDiesAlot the Eclecticist, a journeyman DEEE of Vehumet (D:11)
  A sun demon (Lair:6)
  Sonja (Orc:1)
  4 pharaoh ants
  A spatial maelstrom (Abyss:3)
  A spectral death yak (Lair:2)
  Lodul (D:12)
  An orb spider (shapeshifter) (D:13)
  A spectral hydra (Lair:2)
  4 steelbarb worms
  3 orb spiders
  3 necromancers (D:13)
  Pikel (D:5)
  3 wizards
  7 orc knights (Orc:2)
  7 cyclopes
  7 manticores
  A spectral boulder beetle (Lair:2)
  3 orc sorcerers
  12 ugly things
  8 wolf spiders
  2 moths of wrath
  Maurice (D:10)
  A guardian serpent (shapeshifter) (D:14)
  3 elephants (Lair:6)
  An apocalypse crab (Abyss:3)
  2 torpor snails (Spider:2)
  4 black mambas
  8 cane toads
  3 orange demons (Lair:6)
  The ghost of FancyPenguin the Slasher, a novice HuBe of Trog (D:5)
  A smoke demon (Abyss:3)
  A kobold demonologist (D:12)
  Maggie (Lair:1)
  An unseen horror (D:11)
  2 freezing wraiths
  2 yaktaurs (D:14)
  4 rime drakes
  A demonic crawler (Spider:4)
  An ice devil (Lair:6)
  6 komodo dragons
  A hellwing (Lair:6)
  A red devil (Lair:6)
  3 meliai (D:14)
  A wind drake (Lair:3)
  3 polar bears
  9 trolls
  A wolf spider simulacrum (D:14)
  11 tarantellas
  6 slime creatures (D:12)
  5 hornets
  26 blink frogs
  Prince Ribbit (D:7)
  25 dream sheep
  A jumping spider (shapeshifter) (D:13)
  2 centaur simulacra
  23 jumping spiders
  8 wraiths
  3 culicivoras
  7 wyverns
  A water elemental (D:13)
  2 ynoxinuls (Abyss:3)
  15 humans (D:13)
  49 yaks
  5 basilisks
  2 fire bats (Lair:6)
  A golden eye (shapeshifter) (D:14)
  3 steam dragons
  16 redbacks
  3 large abominations (Abyss:3)
  2 fire elementals (Spider:2)
  14 vampire mosquitoes
  A neqoxec (Abyss:3)
  Menkaure (D:6)
  A chaos spawn (Abyss:3)
  2 wargs
  Duvessa (D:5)
  An acid dragon (D:11)
  23 water moccasins
  A spectral torpor snail (Lair:2)
  A floating eye (D:11)
  9 hell hounds
  2 sky beasts (D:6)
  3 small abominations (Abyss:3)
  48 orc warriors
  18 ogres
  A black bear (Lair:2)
  A black mamba simulacrum (Lair:2)
  An ice beast (D:7)
  11 wolves
  4 centaurs
  Blork the orc (D:5)
  8 kobold brigands
  6 bullfrogs
  A necrophage (D:8)
  A gnoll sergeant (D:10)
  A cane toad simulacrum (Lair:2)
  An earth elemental (Abyss:3)
  12 wights
  Dowan (D:5)
  7 killer bees
  A dream sheep simulacrum (Lair:2)
  2 howler monkeys
  14 electric eels
  3 hounds
  A jelly (D:5)
  40 orc priests
  4 iguanas
  16 orc wizards
  2 hell rats (Lair:2)
  8 adders
  13 gnolls
  7 river rats (Lair:2)
  A shadow imp (D:7)
  2 ufetubi
  A worm (D:2)
  11 dart slugs
  93 orcs
  4 ball pythons
  3 bats
  5 endoplasms
  2 giant cockroaches
  8 hobgoblins
  16 jackals
  4 quokkas
  4 frilled lizards
  9 goblins
  36 kobolds
  10 rats
  A starspawn tentacle (Abyss:3)
939 creatures vanquished.

Vanquished Creatures (collateral kills)
  Arachne (Spider:2)
  Rupert (Spider:1)
  The ghost of Laraso the Bludgeoner, an adept PaAK of Lugonu (Spider:2)
  A two-headed ogre (D:12)
  2 orc high priests (Orc:2)
  A pharaoh ant (Spider:1)
  2 orc knights (Orc:2)
  An orc sorcerer (Orc:2)
  A gargoyle (D:12)
  A troll (Orc:2)
  A basilisk (D:12)
  2 wargs (Orc:2)
  14 orc warriors (Orc:2)
  4 orc priests (Orc:2)
  2 orc wizards (Orc:2)
  7 orcs
42 creatures vanquished.

Vanquished Creatures (others)
  A dart slug (D:7)
  An orc (Orc:1)
  A bush (Lair:2)
  17 fungi
  27 plants
  6 starspawn tentacles (Abyss:3)
  4 withered plants (D:11)
57 creatures vanquished.

Grand Total: 1038 creatures vanquished

Notes
Turn   | Place    | Note
-------+----------+-------------------------------------------
     0 | D:1      | rageheart7 the Minotaur Fighter began the quest for the
                  | Orb.
     0 | D:1      | Reached XP level 1. HP: 19/19 MP: 0/0
   125 | D:1      | Reached XP level 2. HP: 26/27 MP: 1/1
   474 | D:1      | Reached XP level 3. HP: 27/34 MP: 2/2
   989 | D:2      | Found a faded altar of an unknown god.
  1128 | D:2      | Prayed at the altar of an unknown god.
  1128 | D:2      | Became a worshipper of Makhleb the Destroyer
  1128 | D:2      | Reached * piety under Makhleb
  1200 | D:2      | You fall into a shaft and drop 1 floor!
  1524 | D:2      | Reached XP level 4. HP: 37/41 MP: 3/3
  1842 | D:3      | Reached skill level 5 in Fighting
  1952 | D:3      | Found the ring of the Hare {EV+8}
  2136 | D:3      | Found Pubateal's Antique Weapon Shop.
  2253 | D:3      | Reached ** piety under Makhleb
  2464 | D:4      | Reached XP level 5. HP: 24/48 MP: 4/4
  2655 | D:4      | Reached skill level 5 in Polearms
  3088 | D:5      | Entered Level 5 of the Dungeon
  3094 | D:5      | Noticed Blork the orc
  3097 | D:5      | Killed Blork the orc
  3098 | D:5      | Reached XP level 6. HP: 54/57 MP: 5/5
  3147 | D:5      | Noticed Pikel
  3163 | D:5      | Killed Pikel
  3164 | D:5      | Reached XP level 7. HP: 65/68 MP: 6/6
  3358 | D:5      | Reached XP level 8. HP: 53/75 MP: 7/7
  3612 | D:5      | Gained mutation: You sometimes lose the ability to read
                  | scrolls when taking damage. [potion of mutation]
  3612 | D:5      | Gained mutation: Your mind is acute. (Int +2) [potion of
                  | mutation]
  3612 | D:5      | Gained mutation: Your muscles are strong. (Str +2) [potion
                  | of mutation]
  3612 | D:5      | Gained mutation: You have sharp toenails. [potion of
                  | mutation]
  3774 | D:5      | Found a runed translucent door.
  3780 | D:5      | Noticed FancyPenguin's ghost (novice HuBe)
  3877 | D:5      | Noticed Dowan
  3878 | D:5      | Noticed Duvessa
  3881 | D:5      | Killed Dowan
  3891 | D:5      | Killed Duvessa
  4087 | D:5      | Reached *** piety under Makhleb
  4371 | D:5      | Killed FancyPenguin's ghost
  4372 | D:5      | Reached skill level 10 in Fighting
  4418 | D:6      | Reached skill level 10 in Polearms
  4432 | D:6      | Reached XP level 9. HP: 86/86 MP: 8/8
  4768 | D:6      | Reached **** piety under Makhleb
  5298 | D:6      | Noticed Menkaure
  5306 | D:6      | Killed Menkaure
  5307 | D:6      | Reached skill level 4 in Armour
  5579 | D:7      | Lost mutation: You have sharp toenails. [potion of
                  | mutation]
  5579 | D:7      | Lost mutation: Your mind is acute. (Int +2) [potion of
                  | mutation]
  5579 | D:7      | Lost mutation: You sometimes lose the ability to read
                  | scrolls when taking damage. [potion of mutation]
  5579 | D:7      | Gained mutation: You are clumsy. (Dex -2) [potion of
                  | mutation]
  5579 | D:7      | Gained mutation: You passively dampen the noise of your
                  | surroundings. [potion of mutation]
  6023 | D:7      | Noticed a troll
  6063 | D:7      | Killed a troll
  6064 | D:7      | Reached skill level 5 in Armour
  6064 | D:7      | Reached XP level 10. HP: 75/97 MP: 9/9
  6173 | D:7      | Noticed Prince Ribbit
  6181 | D:7      | Killed Prince Ribbit
  6461 | D:7      | Found a staircase to the Ecumenical Temple.
  7003 | D:8      | Reached skill level 6 in Armour
  7523 | D:9      | Noticed Gastronok
  7599 | D:9      | Killed Gastronok
  7727 | D:9      | Reached skill level 5 in Shields
  7822 | D:9      | Reached skill level 7 in Armour
  8077 | D:9      | Found a burning altar of Makhleb.
  8118 | D:9      | Identified a scroll of acquirement
  8118 | D:9      | Acquired a +1 demon trident of flaming
  8158 | D:10     | Entered Level 10 of the Dungeon
  8279 | D:10     | Noticed Maurice
  8280 | D:10     | Found a staircase to the Lair.
  8295 | D:10     | Killed Maurice
  8413 | D:10     | Reached XP level 11. HP: 93/104 MP: 12/12
  8469 | D:10     | Found a staircase to the Orcish Mines.
  8687 | D:10     | Found a flagged portal.
  8696 | Bailey   | Entered a bailey
  8745 | Bailey   | Reached ***** piety under Makhleb
  8767 | Bailey   | Identified the +5 mace of the Transmuting Goat {vorpal,
                  | rElec rCorr}
  8890 | Bailey   | Reached skill level 8 in Armour
  9095 | D:10     | Noticed a two-headed ogre
  9100 | D:10     | Killed a two-headed ogre
  9669 | D:11     | Noticed an eight-headed hydra
  9677 | D:11     | Killed an eight-headed hydra
  9678 | D:11     | Reached skill level 9 in Armour
  9732 | D:11     | Reached skill level 5 in Invocations
  9746 | D:11     | Reached skill level 10 in Armour
  9805 | D:11     | Identified the +3 war axe of Guilt {pain, rF+ Str+2}
  9881 | D:11     | Noticed an orc sorcerer
  9885 | D:11     | Paralysed by a hornet for 1 turns
  9896 | D:11     | Killed an orc sorcerer
 10008 | D:11     | Found a sparkling altar of Nemelex Xobeh.
 10291 | D:11     | Found a runed translucent gate.
 10292 | D:11     | Found a runed translucent gate.
 10293 | D:11     | Found a runed translucent gate.
 10297 | D:11     | Noticed Cecur's ghost (journeyman DsGl)
 10297 | D:11     | Noticed zishaf's ghost (journeyman VSBr)
 10297 | D:11     | Noticed SirDiesAlot's ghost (journeyman DEEE)
 10380 | D:11     | Reached skill level 11 in Armour
 10435 | D:11     | Noticed a two-headed ogre
 10441 | D:11     | Killed a two-headed ogre
 10995 | D:11     | Killed Cecur's ghost
 11006 | D:11     | Killed SirDiesAlot's ghost
 11007 | D:11     | Reached skill level 12 in Armour
 11017 | D:11     | Killed zishaf's ghost
 11018 | D:11     | Reached XP level 12. HP: 89/112 MP: 16/16
 11138 | D:12     | Noticed Frances
 11367 | D:12     | Noticed a boulder beetle
 11383 | D:12     | Killed a boulder beetle
 11453 | Lair:1   | Entered Level 1 of the Lair of Beasts
 11706 | Lair:1   | Noticed Maggie
 11717 | Lair:1   | Killed Maggie
 11718 | Lair:1   | Reached skill level 13 in Armour
 12551 | Lair:2   | Found a hole to the Spider Nest.
 12665 | Lair:2   | Noticed a seven-headed hydra
 12671 | Lair:2   | Killed a seven-headed hydra
 12818 | Lair:2   | Found a runed translucent gate.
 12818 | Lair:2   | Found a runed translucent gate.
 12818 | Lair:2   | Found a runed translucent gate.
 12819 | Lair:2   | Noticed spaghetti's ghost (journeyman DsBe)
 12905 | Lair:2   | Reached skill level 14 in Armour
 13083 | Lair:2   | Noticed a six-headed hydra
 13095 | Lair:2   | Killed a six-headed hydra
 13305 | Lair:2   | Killed spaghetti's ghost
 13345 | Lair:2   | Identified the amulet "Heonti Xora" {Spirit rPois}
 13447 | Lair:3   | Noticed Fannar
 13455 | Lair:3   | Killed Fannar
 13497 | Lair:3   | Reached XP level 13. HP: 122/122 MP: 18/18
 13560 | Lair:3   | Reached skill level 15 in Armour
 13590 | Lair:3   | Found a staircase to the Shoals.
 13903 | Lair:3   | Found a transporter.
 13912 | Lair:3   | Found a transporter.
 13917 | Lair:3   | Noticed ooooo's ghost (journeyman OpCj)
 14391 | Lair:4   | Noticed Josephine
 14408 | Lair:4   | Killed Josephine
 14578 | Lair:4   | Identified the +1 ring mail "Miyboy" {rPois rF+ rC+++ Dex-3
                  | Stlth+}
 14731 | Lair:4   | Reached skill level 16 in Armour
 14738 | Lair:4   | Reached ****** piety under Makhleb
 15232 | Lair:4   | Acquired 696 gold pieces
 15405 | Lair:5   | Reached skill level 10 in Invocations
 15502 | Lair:5   | Reached skill level 17 in Armour
 15698 | Lair:5   | Reached skill level 15 in Fighting
 16092 | Lair:6   | Entered Level 6 of the Lair of Beasts
 16107 | Lair:5   | Reached XP level 14. HP: 124/135 MP: 20/20
 16136 | Lair:5   | Reached skill level 1 in Dodging
 16922 | Lair:6   | Reached skill level 18 in Armour
 16964 | Lair:6   | Found a staircase to the Slime Pits.
 16966 | Lair:6   | Found a viscous altar of Jiyva.
 17402 | Lair:6   | Reached skill level 5 in Dodging
 17442 | Lair:6   | Cast into level 3 of the Abyss (a wizard)
 17444 | Abyss:3  | Gained mutation: You are frail. (-10% HP) [a neqoxec]
 17521 | Abyss:3  | Noticed a tentacled starspawn
 17533 | Abyss:3  | Killed a tentacled starspawn
 17637 | Abyss:3  | Noticed a tentacled starspawn
 17648 | Abyss:3  | Killed a tentacled starspawn
 17693 | Abyss:3  | Noticed a tentacled starspawn
 17710 | Abyss:3  | Killed a tentacled starspawn
 17742 | Lair:6   | Escaped the Abyss
 17749 | Lair:6   | Acquired the +2 pair of gloves "Ceibeugra" {rC+}
 17774 | Lair:6   | Found a burning altar of Makhleb.
 17836 | Lair:6   | Found a gateway to Hell.
 17849 | Lair:6   | Lost mutation: Your muscles are strong. (Str +2) [potion of
                  | mutation]
 17849 | Lair:6   | Lost mutation: You passively dampen the noise of your
                  | surroundings. [potion of mutation]
 17849 | Lair:6   | Lost mutation: You are clumsy. (Dex -2) [potion of
                  | mutation]
 17849 | Lair:6   | Gained mutation: You do not regenerate when monsters are
                  | visible. [potion of mutation]
 17849 | Lair:6   | Gained mutation: You are partially covered in iridescent
                  | scales. (AC +2) [potion of mutation]
 18287 | D:12     | Killed Frances
 18337 | D:12     | Noticed Lodul
 18345 | D:12     | Killed Lodul
 19025 | D:12     | Reached XP level 15. HP: 126/126 MP: 23/23
 19615 | D:13     | Found a gate to the Vaults.
 19784 | D:13     | Found Maalecw's Assorted Antiques.
 19790 | D:13     | Bought a potion of haste for 300 gold pieces
 19790 | D:13     | Bought a scroll of teleportation for 90 gold pieces
 19790 | D:13     | Bought a potion of curing for 90 gold pieces
 19790 | D:13     | Bought a scroll of magic mapping for 105 gold pieces
 20222 | D:14     | Reached skill level 10 in Dodging
 20246 | D:14     | Reached skill level 10 in Shields
 20254 | D:14     | Identified the +6 battleaxe of Lacwogg {vorpal, Str+6}
 21442 | Orc:1    | Entered Level 1 of the Orcish Mines
 21442 | Orc:1    | Noticed Sonja
 21463 | Orc:1    | Killed Sonja
 21879 | Orc:2    | Entered Level 2 of the Orcish Mines
 21946 | Orc:1    | Noticed Snorg
 21955 | Orc:1    | Killed Snorg
 22151 | Orc:2    | Found a staircase to the Elven Halls.
 22464 | Orc:2    | Reached XP level 16. HP: 82/134 MP: 25/25
 23273 | Orc:2    | Identified the +2 ring mail of Ashenzari's Esteem {Str+3}
 23570 | Orc:2    | Found Enwozxel's Antique Armour Shop.
 23570 | Orc:2    | Found Harekheg's Armour Shop.
 23571 | Orc:2    | Found Nobluah's Jewellery Boutique.
 23571 | Orc:2    | Found Vuxahi's Magic Scroll Shop.
 23581 | Orc:2    | Bought a scroll of enchant weapon for 112 gold pieces
 23581 | Orc:2    | Bought a scroll of blinking for 112 gold pieces
 23581 | Orc:2    | Bought a scroll of fear for 52 gold pieces
 23970 | Spider:1 | Entered Level 1 of the Spider Nest
 24041 | Spider:1 | Found a runed translucent door.
 24041 | Spider:1 | Noticed SirDiesAlot's ghost (adept DENe)
 24091 | Spider:1 | Killed SirDiesAlot's ghost
 24509 | Spider:1 | Reached skill level 15 in Invocations
 24613 | Spider:1 | Noticed Rupert
 24628 | Spider:1 | Killed Rupert
 24657 | Spider:1 | Reached skill level 15 in Polearms
 25410 | Spider:2 | Noticed Arachne
 25427 | Spider:2 | Killed Arachne
 25838 | Spider:2 | Noticed Azrael
 25854 | Spider:2 | Killed Azrael
 25864 | Spider:2 | Noticed Jorgrun
 25880 | Spider:2 | Killed Jorgrun
 26342 | Spider:3 | Noticed Laraso's ghost (adept PaAK)
 26342 | Spider:3 | Found a runed translucent gate.
 26342 | Spider:3 | Found a runed translucent gate.
 26342 | Spider:3 | Found a runed translucent gate.
 26743 | Spider:3 | Reached XP level 17. HP: 144/144 MP: 27/27
 27772 | Spider:2 | Killed Laraso's ghost
 27949 | Spider:3 | Identified the ring of Ciecsur {rC+ rCorr Str+3}
 28053 | Spider:4 | Entered Level 4 of the Spider Nest
 28056 | Spider:4 | Noticed Nikola
 28075 | Spider:4 | Killed from afar by Nikola

Illustrated notes

Levels and vault maps discovered:
D:1:      elethiomel_arrival_maze, layout_loops_ring
D:2:      layout_basic, ebering_ecumenical_altar_sacrificial, st_stairs_7
D:3:      layout_rooms, serial_shops, nicolae_shop_trees, minmay_hedge_maze
D:4:      layout_loops_cross
D:5:      layout_loops_ring, ebering_ghost_sewer_d, serial_rivers,
          chequers_serial_rivers_micro_a, chequers_serial_rivers_small_a,
          chequers_serial_rivers_room_a, chequers_serial_rivers_large_b,
          chequers_serial_rivers_micro_b, uniq_blork_the_orc, uniq_pikel,
          uniq_duvessa
D:6:      layout_cave_pools, kennysheep_dice, uniq_menkaure
D:7:      kennysheep_slugbush, layout_basic,
          minmay_temple_entry_statues_pillars, uniq_prince_ribbit1
D:8:      layout_loops_ring, serial_rivers, chequers_serial_rivers_marsh,
          chequers_serial_rivers_room_b, chequers_serial_rivers_small_3,
          chequers_serial_rivers_small_b
D:9:      layout_cave_pools, lemuel_coloured_pillars_altar, uniq_gastronok
D:10:     layout_basic, lair_entry_dummy, orc_0_dummy, enter_bailey_3,
          uniq_maurice
D:11:     hellmonk_paralyzer, layout_stronghold, gammafunk_ghost_cemetery,
          nemelex_diamond_rough_becter
D:12:     layout_irregular_city, serial_bayou_pond_e, uniq_lodul, uniq_frances
D:13:     layout_rooms, grunt_vaults_entry_tiered, serial_shops,
          nicolae_shop_hallway_stairs, chequers_serial_rivers_marsh
D:14:     minmay_the_grid_four_pointed_star
          [minmay_the_grid_triangle_9x9_warning,
          minmay_the_grid_triangle_9x9_intruding_spiral,
          minmay_the_grid_triangle_9x9_zippers_horizontal,
          minmay_the_grid_triangle_9x9_from_above,
          minmay_the_grid_prize_four_corners_diamond_a], layout_loops_ring,
          serial_bayou, serial_bayou_crossing, serial_bayou_pond_a,
          serial_bayou_lake_a, serial_bayou_shore_b
Lair:1:   gammafunk_indiana_jones, layout_loops_ring, serial_rivers,
          chequers_serial_rivers_room_b, chequers_serial_rivers_small_3,
          chequers_serial_rivers_small_a, chequers_serial_rivers_room_a,
          columned_hall_lemuel, infiniplex_staircase_pool_2, uniq_maggie
Lair:2:   layout_cellular_growth, dummy_spider_entry,
          gammafunk_ghost_necromancy, kennysheep_abandoned_house
Lair:3:   layout_hall_layers, minmay_shoals_entry_beasts, nzn_ghost_randoct,
          st_stairs_9, serial_bayou_shore_a, grunt_megastairs_1, uniq_fannar
Lair:4:   layout_gridlike, lemuel_fruit_fields, lemuel_fruit_fields,
          grunt_megastairs_5, uniq_josephine
Lair:5:   layout_layer_cave, nicolae_quartered_pool_medium, disabler_island
Lair:6:   evil_forest, layout_gridlike, slime_altar_1, grunt_megastairs_4
Spider:1: layout_spider_delve, hellmonk_ghost_happy_afterlife, drop_trap,
          uniq_rupert
Spider:2: layout_spider_delve, nicolae_spider_spiderdrome, uniq_arachne,
          uniq_azrael, uniq_jorgrun
Spider:3: layout_cave_pods, gammafunk_ghost_split, spiders_nest_the_unseen
Spider:4: hellmonk_spider_rune_bug_friends, uniq_nikola
Orc:1:    layout_caves, uniq_snorg, uniq_sonja
Orc:2:    st_orc_pillars, layout_diamond_mine, minmay_orc_treasury

Skill      XL: |  1  2  3  4  5  6  7  8  9 10 11 12 13 14 15 16 |
---------------+-------------------------------------------------+-----
Fighting       | 4 5 6 8 10 12 13 15 17 | 17.6
Polearms       | 3 4 5 7 8 10 12 14 16 | 16.8
Armour         | 5 7 12 14 17 18 | 18.0
Shields        | 6 8 10 12 | 12.0
Invocations    | 3 6 8 10 12 14 15 | 15.0
Dodging        | 7 10 | 10.0

Action                   |  1- 3 |  4- 6 |  7- 9 | 10-12 | 13-15 | 16-18 || total
-------------------------+-------+-------+-------+-------+-------+-------++-------
Melee: Trident           |   105 |   110 |   255 |   136 |       |       ||   606
       Headbutt          |    13 |    20 |    33 |   118 |   389 |   258 ||   831
       Kick              |       |       |    29 |       |       |       ||    29
       Demon trident     |       |       |       |   311 |       |       ||   311
       Lance             |       |       |       |   204 |  1703 |   958 ||  2865
Invok: Minor Destruction |       |       |       |     5 |    10 |     2 ||    17
       Lesser Servant of |       |       |       |     3 |     2 |       ||     5
       Major Destruction |       |       |       |       |     8 |     4 ||    12
       Greater Servant o |       |       |       |       |     3 |     8 ||    11
Evoke: Wand              |       |       |     3 |    15 |     5 |     2 ||    25
       Piece from Xom's  |       |       |       |       |     4 |       ||     4
  Use: Scroll            |     3 |     8 |     4 |    11 |    12 |     7 ||    45
       Potion            |       |       |     4 |     1 |     8 |    10 ||    23
 Stab: Distracted        |       |       |     1 |       |     2 |     2 ||     5
       Invisible         |       |       |       |       |       |     2 ||     2
Armor: Scale mail        |    23 |       |       |       |       |       ||    23
       Plate armour      |    22 |    50 |    53 |   178 |   443 |   337 ||  1083
Dodge: Dodged            |    23 |    27 |    91 |   193 |   621 |   460 ||  1415
Block: Buckler           |    10 |    20 |    23 |    76 |   265 |       ||   394
       Reflection        |       |       |       |       |    30 |     5 ||    35
       Kite shield       |       |       |       |       |   417 |   645 ||  1062

Table legend: (Time is in decaauts)
 A = Elapsed time spent in this place.
 B = Non-inter-level travel time spent in this place.
 C = Inter-level travel time spent in this place.
 D = Time resting spent in this place.
 E = Time spent auto-exploring this place.
 F = Levels seen in this place.
 G = Mean time per level.
                   A        B        C        D        E       F      G
               +--------+--------+--------+--------+--------+-----+--------+
         Total |  26798 |  24665 |   2133 |   1526 |  16968 |  28 |  957.1 |
       Dungeon |  14490 |  12930 |   1560 |    553 |   9664 |  14 | 1035.0 |
          Lair |   5901 |   5500 |    401 |    115 |   3994 |   6 |  983.5 |
   Spider Nest |   3859 |   3770 |     89 |    839 |   2008 |   4 |  964.8 |
  Orcish Mines |   2029 |   1948 |     81 |     19 |   1283 |   2 | 1014.5 |
         Abyss |    232 |    232 |      0 |      0 |      9 |   1 |  232.0 |
        Bailey |    284 |    284 |      0 |      0 |     10 |   1 |  284.0 |
               +--------+--------+--------+--------+--------+-----+--------+

Top non-repeatable levels by time:
    D:11: 1872 daAuts
   Orc:2: 1429 daAuts
    D:10: 1425 daAuts
  Lair:6: 1379 daAuts
Spider:3: 1353 daAuts
     D:5: 1329 daAuts
     D:7: 1275 daAuts
Spider:1: 1267 daAuts
Spider:2: 1223 daAuts
    D:14: 1179 daAuts
     D:6: 1085 daAuts
    D:12: 1076 daAuts
  Lair:2: 1019 daAuts
  Lair:1: 951 daAuts
     D:1: 922 daAuts
